Workbook

Sheet BS
A1: Thai Poly Acrylic Public Company Limited
A2: Statement of financial position
A3: As at 30 June 2025
G4: (Unit: Baht)
C5: Note | E5: 30 June 2025 | G5: 31 December 2024
E6: (Unaudited | G6: (Audited)
E7: but reviewed)
A8: Assets
A9: Current assets
A10: Cash and cash equivalents | E10: 56963910 | G10: 79945603
A11: Trade and other current receivables | C11: 3 | E11: 141937012 | G11: 150156625
A12: Inventories | C12: 4 | E12: 108410154 | G12: 80986869
A13: Other current financial assets - fixed deposit | E13: 40000000 | G13: 41237467
A14: Other current assets | E14: 8904978 | G14: 4332576
A15: Total current assets | E15: =SUM(E10:E14) -> 356216054 | G15: =SUM(G10:G14) -> 356659140
A16: Non-current assets
A17: Other non-current financial assets - fixed deposit | E17: 6184000 | G17: 6184000
A18: Property, plant and equipment | C18: 5 | E18: 201667893 | G18: 208999021
A19: Intangible assets - computer softwares | E19: 316779 | G19: 362525
A20: Deferred tax assets | E20: 6857397 | G20: 6884687
A21: Other non-current assets | E21: 129337 | G21: 129337
A22: Total non-current assets | E22: =SUM(E17:E21) -> 215155406 | G22: =SUM(G17:G21) -> 222559570
A23: Total assets | E23: =SUM(E22,E15) -> 571371460 | G23: =SUM(G22,G15) -> 579218710
A25: The accompanying notes are an integral part of the financial statements.
A26: Thai Poly Acrylic Public Company Limited
A27: Statement of financial position (continued)
A28: As at 30 June 2025
G29: (Unit: Baht)
C30: Note | E30: 30 June 2025 | G30: 31 December 2024
E31: (Unaudited | G31: (Audited)
E32: but reviewed)
A33: Liabilities and shareholders' equity
A34: Current liabilities
A35: Trade and other current payables | C35: 6 | E35: 175755952 | G35: 161130399
A36: Current portion of lease liabilities | C36: 7 | E36: 2273043 | G36: 2273043
A37: Advance received from customers | E37: 8170978 | G37: 9077957
A38: Other current financial liability - forward contract | E38: 446672 | G38: 29365
A39: Other current liabilities | E39: 1128369 | G39: 1381691
A40: Total current liabilities | E40: =SUM(E35:E39) -> 187775014 | G40: =SUM(G35:G39) -> 173892455
A41: Non-current liabilities
A42: Lease liabilities, net of current portion | C42: 7 | E42: 5052883 | G42: 6390999
A43: Non-current provision for employee benefits | C43: 8 | E43: 25819409 | G43: 28371654
A44: Total non-current liabilities | E44: =SUM(E42:E43) -> 30872292 | G44: =SUM(G42:G43) -> 34762653
A45: Total liabilities | E45: =SUM(E44,E40) -> 218647306 | G45: =SUM(G44,G40) -> 208655108
A47: The accompanying notes are an integral part of the financial statements.
A48: Thai Poly Acrylic Public Company Limited
A49: Statement of financial position (continued)
A50: As at 30 June 2025
G51: (Unit: Baht)
E52: 30 June 2025 | G52: 31 December 2024
E53: (Unaudited | G53: (Audited)
E54: but reviewed)
A55: Shareholders' equity
A56: Share capital
A57: Registered
A58: 121,500,000 ordinary shares of Baht 1 each | E58: 121500000 | G58: 121500000
A59: Issued and fully paid
A60: 121,500,000 ordinary shares of Baht 1 each | E60: 121500000 | G60: =CE!B16 -> 121500000
A61: Share premium | E61: 233350000 | G61: =CE!D16 -> 233350000
A62: Retained earnings
A63: Appropriated - statutory reserve | E63: 12150000 | G63: =CE!F16 -> 12150000
A64: Unappropriated | E64: =CE!H20 -> -14275846 | G64: =CE!H16 -> 3563602
A65: Total shareholders' equity | E65: =SUM(E60:E64) -> 352724154 | G65: =SUM(G60:G64) -> 370563602
A66: Total liabilities and shareholders' equity | E66: =E65+E45 -> 571371460 | G66: =G65+G45 -> 579218710
E67: =E66-E23 -> 0 | G67: =G66-G23 -> 0
A68: The accompanying notes are an integral part of the financial statements.
B73: Directors

Sheet PL
G1: (Unaudited but reviewed)
A2: Thai Poly Acrylic Public Company Limited
A3: Statement of comprehensive income
A4: For the three-month period ended 30 June 2025
G5: (Unit: Baht)
C6: Note | E6: 2025 | G6: 2024
A7: Profit or loss:
A8: Revenues
A9: Sales and service income | E9: 158317326 | G9: 215945302
A10: Other income | E10: 2101098 | G10: 2612423
A11: Total revenues | E11: =SUM(E9:E10) -> 160418424 | G11: =SUM(G9:G10) -> 218557725
A12: Expenses
A13: Cost of sales and services | E13: 141288485 | G13: 193469527
A14: Selling and distribution expenses | E14: 4313149 | G14: 4474499
A15: Administrative expenses | E15: 25262708 | G15: 20402466
A16: Total expenses | E16: =SUM(E13:E15) -> 170864342 | G16: =SUM(G13:G15) -> 218346492
A17: Operating profit (loss) | E17: =E11-E16 -> -10445918 | G17: =G11-G16 -> 211233
A18: Finance cost | E18: -42966 | G18: -55899
A19: Profit (loss) before income tax expenses | E19: =SUM(E17:E18) -> -10488884 | G19: =SUM(G17:G18) -> 155334
A20: Income tax expenses | C20: 9 | E20: -935195 | G20: -444513
A21: Loss for the period | E21: =SUM(E19:E20) -> -11424079 | G21: =SUM(G19:G20) -> -289179
A23: Other comprehensive income:
A24: Other comprehensive income not to be reclassified
A25: to profit or loss in subsequent periods
A26: Remeasurement loss on defined benefit plan - net of income tax | E26: -2681556 | G26: 0
A27: Other comprehensive income for the period | E27: =SUM(E26) -> -2681556 | G27: =SUM(G26) -> 0
A29: Total comprehensive income for the period | E29: =SUM(E21,E27) -> -14105635 | G29: =SUM(G21,G27) -> -289179
A31: Earnings (loss) per share
A32: Basic loss per share | E32: =E21/121500000 -> -0.094025342 | G32: =G21/121500000 -> -0.0023800741
A34: The accompanying notes are an integral part of the financial statements.
G36: (Unaudited but reviewed)
A37: Thai Poly Acrylic Public Company Limited
A38: Statement of comprehensive income
A39: For the six-month period ended 30 June 2025
G40: (Unit: Baht)
C41: Note | E41: 2025 | G41: 2024
A42: Profit or loss:
A43: Revenues
A44: Sales and service income | E44: 344405011 | G44: 427593136
A45: Other income | E45: 4362121 | G45: 5520999
A46: Total revenues | E46: =SUM(E44:E45) -> 348767132 | G46: =SUM(G44:G45) -> 433114135
A47: Expenses
A48: Cost of sales and services | E48: 304154441 | G48: 376730527
A49: Selling and distribution expenses | E49: 8875892 | G49: 9606540
A50: Administrative expenses | E50: 50108017 | G50: 44212261
A51: Total expenses | E51: =SUM(E48:E50) -> 363138350 | G51: =SUM(G48:G50) -> 430549328
A52: Operating profit (loss) | E52: =E46-E51 -> -14371218 | G52: =G46-G51 -> 2564807
A53: Finance cost | E53: -88995 | G53: -115049
A54: Profit (loss) before income tax income | E54: =SUM(E52:E53) -> -14460213 | G54: =SUM(G52:G53) -> 2449758
A55: Income tax income (expenses) | C55: 9 | E55: -697679 | G55: 620856
A56: Profit (loss) for the period | E56: =SUM(E54:E55) -> -15157892 | G56: =SUM(G54:G55) -> 3070614
A58: Other comprehensive income:
A59: Other comprehensive income not to be reclassified
A60: to profit or loss in subsequent periods
A61: Remeasurement loss on defined benefit plan - net of income tax | E61: -2681556 | G61: 0
A62: Other comprehensive income for the period | E62: =SUM(E61) -> -2681556 | G62: =SUM(G61) -> 0
A64: Total comprehensive income for the period | E64: =SUM(E56,E62) -> -17839448 | G64: =SUM(G56,G62) -> 3070614
A66: Earnings (loss) per share
A67: Basic earnings (loss) per share | E67: =E56/121500000 -> -0.12475631 | G67: =G56/121500000 -> 0.025272543
A69: The accompanying notes are an integral part of the financial statements.

Sheet CE
J1: (Unaudited but reviewed)
A2: Thai Poly Acrylic Public Company Limited
A3: Statement of changes in shareholders' equity
A4: For the six-month period ended 30 June 2025
A5: (Unit: Baht)
B6: Issued and fully
B7: paid-up | F7: Retained earnings
B8: share capital | D8: Share premium | F8: Appropriated | H8: Unappropriated | J8: Total
A10: Balance as at 1 January 2024 | B10: 121500000 | D10: 233350000 | F10: 12150000 | H10: 56448414 | J10: =SUM(B10:H10) -> 423448414
A11: Profit for the period | B11: 0 | D11: 0 | F11: 0 | H11: =PL!G56 -> 3070614 | J11: =SUM(B11:H11) -> 3070614
A12: Total comprehensive income for the period | B12: =SUM(B11) -> 0 | D12: =SUM(D11) -> 0 | F12: =SUM(F11) -> 0 | H12: =SUM(H11) -> 3070614 | J12: =SUM(J11) -> 3070614
A13: Dividend paid (Note 11) | B13: 0 | D13: 0 | F13: 0 | H13: -30375000 | J13: =SUM(B13:H13) -> -30375000
A14: Balance as at 30 June 2024 | B14: =SUM(B10,B12:B13) -> 121500000 | D14: =SUM(D10,D12:D13) -> 233350000 | F14: =SUM(F10,F12:F13) -> 12150000 | H14: =SUM(H10,H12:H13) -> 29144028 | J14: =SUM(J10,J12:J13) -> 396144028
A16: Balance as at 1 January 2025 | B16: 121500000 | D16: 233350000 | F16: 12150000 | H16: 3563602 | J16: =SUM(B16:H16) -> 370563602
A17: Loss for the period | B17: 0 | D17: 0 | F17: 0 | H17: =PL!E56 -> -15157892 | J17: =SUM(B17:H17) -> -15157892
A18: Other comprehensive income for the year | B18: 0 | D18: 0 | F18: 0 | H18: =PL!E62 -> -2681556 | J18: =SUM(B18:H18) -> -2681556
A19: Total comprehensive income for the period | B19: =SUM(B17:B18) -> 0 | D19: =SUM(D17:D18) -> 0 | F19: =SUM(F17:F18) -> 0 | H19: =SUM(H17:H18) -> -17839448 | J19: =SUM(J17:J18) -> -17839448
A20: Balance as at 30 June 2025 | B20: =SUM(B16,B19:B19) -> 121500000 | D20: =SUM(D16,D19:D19) -> 233350000 | F20: =SUM(F16,F19:F19) -> 12150000 | H20: =SUM(H16,H19:H19) -> -14275846 | J20: =SUM(J16,J19:J19) -> 352724154
J21: =SUM(J20-BS!E65) -> 0
A22: The accompanying notes are an integral part of the financial statements.

Sheet CF
G1: (Unaudited but reviewed)
A2: Thai Poly Acrylic Public Company Limited
A3: Cash flow statement
A4: For the six-month period ended 30 June 2025
G5: (Unit: Baht)
E6: 2025 | G6: 2024
A7: Cash flows from operating activities
A8: Profit (loss) before tax | E8: =PL!E54 -> -14460213 | G8: =PL!G54 -> 2449758
A9: Adjustments to reconcile profit (loss) before tax to
A10: net cash provided by (paid from) operating activities
A11: Depreciation and amortisation | E11: 9648501 | G11: 10447511
A12: Expected credit loss | E12: 6877 | G12: 966372
A13: Reduce cost of inventory to net realisable value (reversal) | E13: 498078 | G13: -1156146
A14: Provision for employee benefits | E14: 1882881 | G14: 2075809
A15: Employees termination expense | E15: 6830713 | G15: 0
A16: Unrealised loss (gain) on exchange | E16: -114831 | G16: 80422
A17: Interest income | E17: -379861 | G17: -647600
A18: Finance cost | E18: 88995 | G18: 115049
A19: Profit from operating activities before
A20: changes in operating assets and liabilities | E20: =SUM(E8:E18) -> 4001140 | G20: =SUM(G8:G18) -> 14331175
A21: Operating assets (increase) decrease
A22: Trade and other current receivables | E22: 8132631 | G22: 2377056
A23: Inventories | E23: -27921363 | G23: -23888884
A24: Other current assets | E24: -4566896 | G24: -3639621
A25: Operating liabilities increase (decrease)
A26: Trade and other current payables | E26: 14416075 | G26: 20024386
A27: Advance received from customers | E27: -906979 | G27: -10778010
A28: Other current liabilities | E28: 163985 | G28: -378612
A29: Cash paid for employee benefits | E29: -14617784 | G29: -699823
A30: Cash flows used in operating activities | E30: =SUM(E20:E29) -> -21299191 | G30: =SUM(G20:G29) -> -2652333
A31: Cash paid for interest expenses | E31: -88995 | G31: -115049
A32: Cash paid for income tax | E32: -5506 | G32: -6169
A33: Net cash flows used in operating activities | E33: =SUM(E30:E32) -> -21393692 | G33: =SUM(G30:G32) -> -2773551
A35: The accompanying notes are an integral part of the financial statements.
G36: (Unaudited but reviewed)
A37: Thai Poly Acrylic Public Company Limited
A38: Cash flow statement (continued)
A39: For the six-month period ended 30 June 2025
G40: (Unit: Baht)
E41: 2025 | G41: 2024
A42: Cash flows from investing activities
A43: Decrese (increase) in current financial assets | E43: 1237467 | G43: -311972
A44: Cash paid for machinery, equipment and intangible assets | E44: -2221669 | G44: -1925605
A45: Cash received from interest income | E45: 734317 | G45: 605700
A46: Net cash flows used in investing activities | E46: =SUM(E43:E45) -> -249885 | G46: =SUM(G43:G45) -> -1631877
A47: Cash flows from financing activities
A48: Payment of principal portion of lease liabilities | E48: -1338116 | G48: -1107961
A49: Dividend paid | E49: 0 | G49: -30375000
A50: Net cash flows used in financing activities | E50: =SUM(E48:E49) -> -1338116 | G50: =SUM(G48:G49) -> -31482961
A51: Net decrease in cash and cash equivalents | E51: =E50+E46+E33 -> -22981693 | G51: =G50+G46+G33 -> -35888389
A52: Cash and cash equivalents at beginning of period | E52: =BS!G10 -> 79945603 | G52: 118862064
A53: Cash and cash equivalents at end of period | E53: =SUM(E51:E52) -> 56963910 | G53: =SUM(G51:G52) -> 82973675
E54: =E53-BS!E10 -> 0
A55: Supplemental cash flow information
A56: Non-cash transactions
A57: Accounts payable on asset acquisition | E57: 49958 | G57: 211868
A59: The accompanying notes are an integral part of the financial statements.
